 Dungeon Crawl Stone Soup version 0.28.0-53-g5a82cb258f (webtiles) character file.

Game seed: 15515593296164263281

38 issech the Vexing (level 3, 0/21 HPs)
             Began as a Kobold Arcane Marksman on May 21, 2022.
             Slain by a jackal (3 damage)
             ... on level 2 of the Dungeon.
             The game lasted 00:05:06 (1380 turns).

issech the Vexing (Kobold Arcane Marksman)          Turns: 1380, Time: 00:05:06

Health: 0/21       AC:  8    Str:  7    XL:     3   Next: 65%
Magic:  4/4        EV:  4    Int: 14    God:
Gold:   13         SH:  0    Dex: 17    Spells: 3/4 levels left

rFire   . . .      SeeInvis .   g - +0 whip
rCold   . . .      Faith    .   (no shield)
rNeg    . . .      Spirit   .   k - +0 chain mail
rPois   .          Reflect  .   (no helmet)
rElec   .          Harm     +   j - scarf {harm}
rCorr   .          Rampage  .   (no gloves)
Will    .....                   (no boots)
Stlth   ..........              (no amulet)
HPRegen 0.07/turn               (no ring)
MPRegen 0.09/turn               (no ring)

@: no status effects
A: small, no large weapons, nightstalker 3
a: no special abilities


You were on level 2 of the Dungeon.
You visited 1 branch of the dungeon, and saw 2 of its levels.

You collected 33 gold pieces.
You spent 20 gold pieces at shops.

Inventory:

Hand Weapons
 a - a +0 hand crossbow
 g - a +0 whip (weapon)
 l - a +0 club
 p - a +0 club
Missiles
 c - 37 bolts
 e - 8 stones
 f - 6 poisoned darts
Armour
 d - a +0 robe
 j - a scarf of harm (worn)
 k - a +0 chain mail (worn)
 m - a +0 ring mail
 n - a +0 leather armour
Jewellery
 h - a +6 ring of dexterity
Scrolls
 b - a scroll of noise
 i - a scroll of identify
Potions
 o - a potion of magic {unknown}


   Skills:
 + Level 1.7 Fighting
 + Level 3.1 Crossbows
 + Level 0.3 Armour
 + Level 2.8 Dodging
 + Level 1.2 Stealth
 + Level 1.1 Spellcasting
 + Level 3.3 Hexes


You had 3 spell levels left.
You knew the following spells:

 Your Spells              Type           Power      Damage    Failure   Level
a - Slow                  Hex            40%        N/A       100%        1

Your spell library contained the following spells:

 Spells                   Type           Power      Damage    Failure   Level
 Inner Flame              Hex/Fire       5%         N/A       100%        3
 Portal Projectile        Hex/Tloc       10%        N/A       100%        3
 Cause Fear               Hex            5%         N/A       100%        4


Dungeon Overview and Level Annotations

Branches:
Dungeon (2/15)

Altars:

Shops:
D:1 (   D:2 *?:!


Innate Abilities, Weirdness & Mutations

You are small and have problems with some larger weapons.
You are completely attuned to the shadows.


Message History

A jackal comes into view.
You shoot a bolt. The bolt barely misses the goblin.
The jackal barks!
You hear a bark!
The goblin hits you but does no damage. x2
You shoot a bolt. The bolt hits the endoplasm.
The endoplasm is heavily wounded.
The endoplasm freezes you.
You are frozen.
The goblin hits you but does no damage.
You shoot a bolt.
The bolt completely misses the endoplasm.
The jackal bites you but does no damage.
A jackal comes into view.
The endoplasm hits you. The goblin hits you but does no damage.
The jackal bites you but does no damage.
The endoplasm freezes you.
You are frozen.
The goblin hits you but does no damage.
Things that are here:
a bolt; a ball python corpse The jackal bites you but does no damage.
The jackal bites you but does no damage.
The jackal bites you but does no damage.
The jackal bites you but does no damage.
The jackal barely misses you.
Found 21 stones.
The jackal bites you.
A bat comes into view.
The jackal bites you.
* * * LOW HITPOINT WARNING * * *
The jackal bites you but does no damage.
The bat barely misses you. The bat hits you but does no damage.
The bat hits you but does no damage. The bat hits you but does no damage.
You are too injured to fight recklessly!
g - a +0 whip (weapon)
The bat hits you.
* * * LOW HITPOINT WARNING * * *
You hit the bat but do no damage. The bat hits you but does no damage.
The jackal bites you but does no damage.
You hit the jackal but do no damage. The jackal bites you.
You die...

...#.#... .# ##.#...#..
###.### #
..#..∩..#.##≈≈≈..## #
....#...#...≈≈≈≈≈..# ##
......#@#....≈≈∩≈≈#.###.
#(...Jh#....†≈≈.≈≈......
#.....b.......≈.≈.####..
#...............### #..
................######..
................#.......
........................
................##......
#.............#.##......


You could see an endoplasm, a jackal and a bat.

Vanquished Creatures
  An adder (D:2)
  A dart slug (D:1)
  2 endoplasms
  A giant cockroach (D:2)
  5 goblins
  A hobgoblin (D:1)
  3 jackals
  2 quokkas
  2 ball pythons
  2 bats (D:1)
  3 frilled lizards (D:1)
  2 kobolds (D:1)
  3 rats
28 creatures vanquished.

Notes
Turn   | Place    | Note
-------+----------+-------------------------------------------
     0 | D:1      | issech the Kobold Arcane Marksman began the quest for the
                  | Orb.
     0 | D:1      | Reached XP level 1. HP: 12/12 MP: 2/2
   125 | D:1      | Found Wisa's Weapon Shoppe.
   423 | D:1      | Reached skill level 1 in Stealth
   423 | D:1      | Reached XP level 2. HP: 14/16 MP: 3/3
  1165 | D:1      | Reached XP level 3. HP: 18/20 MP: 4/4
  1232 | D:2      | Found Vuuwneargh's Distillery.
  1257 | D:2      | Found Hajis's Book Shop.
  1298 | D:2      | Found Uffebyosk's Magic Scroll Shoppe.
  1304 | D:2      | Bought a scroll of identify for 20 gold pieces
  1320 | D:2      | Found Maibech's Assorted Antiques.
  1380 | D:2      | Slain by a jackal

Illustrated notes

Levels and vault maps discovered:
D:1:      lightli_arrival_maybe_door_vault, layout_basic, serial_shops,
          nicolae_shop_bloodbath_and_beyond
D:2:      layout_rooms, serial_shops, nicolae_diamond_shop,
          nicolae_shop_waterfront, nicolae_shop_statue_plus,
          nicolae_shop_waterfront

Skill      XL: |  1  2  3 |
---------------+----------+-----
Stealth        | 1 |  1.2
Crossbows      | 3 |  3.1
Fighting       | |  1.7
Armour         | |  0.3
Dodging        | |  2.8
Spellcasting   | |  1.1
Hexes          | |  3.3

Action                   || total
-------------------------++-------
Melee: Whip              ||     2
 Fire: Hand crossbow     ||    61
  Use: Scroll            ||     1
Armor: Robe              ||     2
       Chain mail        ||    27
Dodge: Dodged            ||    11
